AoeStats
← SkOrPiO

Oasis

508731573Analyzed
4v4 RM · 8d ago on Sep 23, 2026· 29m 50s· 8 players
Game mode
Random Map
Map size
Large (8 player)
Population
200
Speed
Normal
Resources
Standard
Victory
Conquest
Starting age
Dark Age
Ending age
Imperial Age
RankedLock teamsTeams togetherTeam positionsShared explorationLock speedFull tech treeHidden civsTurbo modeCheats
Victory
Defeat
🇧🇷 Franks · Brazil
1697
+13
🇧🇷 Wei · Brazil
1625
+16
🇵🇹 Varangians · Portugal
1538
+20
🇧🇷 Magyars · Brazil
1522
+21
🇫🇮 Bohemians · Finland
1667
-19
🇫🇮 Persians · Finland
1657
-19
🇫🇮 Ethiopians · Finland
1601
-16
🇫🇮 Varangians · Finland
1598
-16
[LCDR] Alone
7:02 Loom
9:16 Feudal Age
9:44 Double-Bit Axe
12:46 Forging
18:12 Scale Barding Armor
22:39 Castle Age
21:05 Gold Mining
23:46 Chain Barding Armor
23:30 Husbandry
24:23 Iron Casting
Savitar_pt
6:23 Loom
9:09 Feudal Age
11:36 Double-Bit Axe
14:48 Forging
19:52 Castle Age
18:58 Scale Barding Armor
19:04 Fletching
21:29 Bloodlines
27:39 Chain Barding Armor
27:55 Town Watch
30:32 Bow Saw
30:03 Horse Collar
[LCDR] Chorobura
5:43 Loom
9:37 Feudal Age
16:43 Double-Bit Axe
22:50 Wheelbarrow
24:03 Fletching
25:43 Horse Collar
SkOrPiO
7:18 Loom
9:16 Feudal Age
10:00 Double-Bit Axe
16:54 Horse Collar
19:43 Castle Age
18:41 Fletching
19:04 Bloodlines
20:28 Padded Archer Armor
20:47 Bodkin Arrow
22:13 Leather Archer Armor
22:00 Husbandry
27:04 Ballistics
Pahvi0
4:43 Loom
23:43 Feudal Age
24:05 Double-Bit Axe
24:02 Horse Collar
28:57 Wheelbarrow
29:10 Scale Barding Armor
dodo
7:39 Loom
10:23 Feudal Age
12:41 Wheelbarrow
14:12 Double-Bit Axe
15:37 Fletching
18:53 Town Watch
19:50 Gold Mining
23:55 Castle Age
21:41 Horse Collar
23:35 Padded Archer Armor
24:39 Bodkin Arrow
24:05 Crossbowman
25:43 Leather Archer Armor
25:36 Thumb Ring
29:35 Hand Cart
30:23 Bow Saw
30Markus
10:56 Feudal Age
14:19 Castle Age
12:22 Double-Bit Axe
13:22 Horse Collar
15:03 Loom
18:48 Bow Saw
20:58 Wheelbarrow
23:51 Hand Cart
28:02 Sanctity
30:54 Imperial Age
29:11 Pikeman
Ee-meili
6:14 Loom
8:56 Feudal Age
12:01 Bloodlines
18:21 Forging
18:17 Scale Barding Armor
18:00 Double-Bit Axe
19:35 Horse Collar
22:36 Town Watch
27:29 Castle Age
28:12 Husbandry
27:32 Light Cavalry
27:36 Pikeman
28:16 Squires
28:51 Chain Barding Armor
Connection lost

Rejoining the realm…

Still unreachable

The connection could not be restored.

Session expired

The server has moved on; the page needs a fresh start.